 Dungeon Crawl Stone Soup version 0.24-a0-417-g1cce26a4d2 (webtiles) character file.

Game seed: 4599232485349810172

8 Ilgrip the Vexing (level 2, 21/21 HPs)
             Began as a Demonspawn Arcane Marksman on June 11, 2019.
             Quit the game on level 1 of the Dungeon.
             The game lasted 00:00:09 (148 turns).

Ilgrip the Vexing (Demonspawn Arcane Marksman)       Turns: 148, Time: 00:00:10

Health: 21/21      AC:  4    Str: 10    XL:     2   Next: 0%
Magic:  3/3        EV: 12    Int: 14    God:
Gold:   38         SH:  0    Dex: 13    Spells: 2/3 levels left

rFire    . . .     SeeInvis .   a - +0 hunting sling
rCold    . . .     Gourm    .   (no shield)
rNeg     . . .     Faith    .   e - +0 robe
rPois    .         Spirit   .   (no helmet)
rElec    .         Reflect  .   (no cloak)
rCorr    .         Harm     .   (no gloves)
MR       .....                  (no boots)
Stlth    +.........             (no amulet)
HPRegen  0.07/turn              (no ring)
MPRegen  0.08/turn              (no ring)

@: no status effects
A: iridescent scales 1
a: no special abilities


You were on level 1 of the Dungeon.
You were not hungry.

You visited 1 branch of the dungeon, and saw 1 of its levels.

You collected 38 gold pieces.

Inventory:

Hand Weapons
 a - a +0 hunting sling (weapon)
Missiles
 d - 20 sling bullets (quivered)
Armour
 e - a +0 robe (worn)
Jewellery
 h - a +3 ring of dexterity {unknown}
Potions
 b - a potion of cancellation {unknown}
 c - a potion of ambrosia {unknown}
 g - a potion of haste {unknown}
Comestibles
 f - 2 rations


   Skills:
 + Level 1.1 Fighting
 + Level 1.8 Slings
 + Level 1.7 Dodging
 + Level 1.2 Spellcasting
 + Level 3.3 Hexes


You had 2 spell levels left.
You knew the following spells:

 Your Spells              Type           Power        Failure   Level  Hunger
a - Corona                Hex            ##.....      7%          1    ##.....

Your spell library contained the following spells:

 Spells                   Type           Power        Failure   Level  Hunger
 Slow                     Hex            ##......     10%         2    ###....
 Inner Flame              Hex/Fire       #.......     36%         3    ####...
 Portal Projectile        Hex/Tloc       #.....       36%         3    ####...
 Cause Fear               Hex            ##........   54%         4    #####..
 Leda's Liquefaction      Hex/Erth       #.........   78%         4    #####..


Dungeon Overview and Level Annotations

Branches:
Dungeon (1/15)

Altars:


Innate Abilities, Weirdness & Mutations

You are partially covered in iridescent scales. (AC +2)


Message History

The bat hits you but does no damage.
A bat is nearby!
Firing (i - inventory)
d - 15 sling bullets (quivered)
Press: ? - help, Shift-Dir - straight line, f/p - bat
Aim: a bat You shoot a sling bullet.
The sling bullet hits the bat!
You kill the bat!
You have reached level 2!
Your demonic ancestry asserts itself...
Iridescent scales grow over part of your body.
d - 15 sling bullets (gained 1)
Things that are here:
a +0 club; a hobgoblin corpse
d - 16 sling bullets (gained 1)
You now have 38 gold pieces (gained 17).
d - 17 sling bullets (gained 1)
d - 20 sling bullets (gained 3)
A giant cockroach comes into view.
Found a scroll labeled SAGRYE MOHEELI and 10 gold pieces.
Are you sure you want to abandon this character and quit the game? (Confirm with "yes".)

##. #.# #.# #. #. #.#
#.##. ####### #.#.# #.#.
$...... #...#####..
...^... #.........
s...... #+#######'
?...... ........
.......#################
.......@.........#######
........................
........................
######...........)......
#...........###'#.#
#...........# #.#..
#...........# #.#.#
#...........# #.#.#
############# #.# #


You could see a giant cockroach (sleeping).

Vanquished Creatures
  A leopard gecko (D:1)
  2 bats (D:1)
  A hobgoblin (D:1)
  A frilled lizard (D:1)
  2 rats (D:1)
7 creatures vanquished.

Notes
Turn   | Place    | Note
-------+----------+-------------------------------------------
     0 | D:1      | Ilgrip the Demonspawn Arcane Marksman began the quest for
                  | the Orb.
     0 | D:1      | Reached XP level 1. HP: 15/15 MP: 2/2
   126 | D:1      | Gained mutation: You are partially covered in iridescent
                  | scales. (AC +2) [demonic ancestry]
   126 | D:1      | Reached XP level 2. HP: 21/21 MP: 3/3
   148 | D:1      | Quit the game

Levels and vault maps discovered:
D:1:      roderic_octagonal_star, layout_basic, nicolae_ashenzari_panopticon

Action                   || total
-------------------------++-------
 Fire: Hunting sling     ||    16
Armor: Robe              ||     4
Dodge: Dodged            ||     7

Table legend:
 A = Non-vault XP
 B = Vault XP
 C = Vault XP percentage of total XP
 D = Non-vault monster count
 E = Vault monster count
 F = Vault count percentage of total count
                 A         B        C        D         E       F
            +---------+---------+-------+---------+---------+-------
      Total |      12 |       0 |   0.0 |       7 |       0 |   0.0
            +---------+---------+-------+---------+---------+-------
        D:1 |      12 |       0 |   0.0 |       7 |       0 |   0.0
            +---------+---------+-------+---------+---------+-------
